[Event "Western Asian Girls Chess-ch 2023"]
[Site "Colombo"]
[Date "2023.11.30"]
[Round "1.1"]
[White "Rathnayake, R M Dulinma Hemalni"]
[Black "Sultanbek, Zeinep"]
[Result "0-1"]
[ECO "B90"]
[WhiteElo "1532"]
[BlackElo "2008"]
[Annotator "NA RC"]
[PlyCount "66"]
[EventDate "2023.11.30"]
[EventCountry "SRI"]
[SourceTitle "playchess.com"]
[Source "ChessBase"]
[SourceQuality "1"]
[TimeControl "5400+30"]

1. e4 c5 2. Nf3 d6 3. d4 cxd4 4. Nxd4 Nf6 5. Nc3 a6 6. Be3 e5 7. Nb3 Be6 8. f3 h5 9. Qd2 Nbd7 10. O-O-O Be7 11. f4 Ng4 12. Kb1 Nxe3 13. Qxe3 b5 14. f5 Bxb3 15. axb3 Nf6 16. Nd5 Rc8 17. Nxf6+ Bxf6 18. Be2 h4 19. g4 Bg5 20. Qa7 Rc6 21. Qb7 Rb6 22. Qd5 O-O 23. c4 bxc4 24. Bxc4 Qe7 25. Kc2 Rc8 26. Ra1 Rb5 27. Qd3 d5 28. exd5 e4 29. Qd4 Bf6 30. d6 Qb7 31. Qe3 Rxc4+ 32. bxc4 Rxb2+ 33. Kd1 Rb3 0-1

[Event "Western Asian Girls Chess-ch 2023"]
[Site "Colombo"]
[Date "2023.11.30"]
[Round "1.2"]
[White "Bayrambayeva, Ogulsuray"]
[Black "Newansa, M Esandi"]
[Result "1/2-1/2"]
[ECO "D11"]
[WhiteElo "1909"]
[BlackElo "1531"]
[Annotator "NA RC"]
[PlyCount "82"]
[EventDate "2023.11.30"]
[EventCountry "SRI"]
[SourceTitle "playchess.com"]
[Source "ChessBase"]
[SourceQuality "1"]
[TimeControl "5400+30"]

1. d4 d5 2. c4 c6 3. Nf3 Nf6 4. g3 Bf5 5. Bg2 e6 6. O-O h6 7. b3 Nbd7 8. Bb2 Bd6 9. Nbd2 O-O 10. Rc1 Qe7 11. Ne5 Ba3 12. Bxa3 Qxa3 13. Nxd7 Nxd7 14. Ra1 Nf6 15. Qc1 Qe7 16. Nf3 Rfd8 17. Rd1 Rac8 18. Ne5 Nd7 19. Nxd7 Rxd7 20. Qb2 Rcd8 21. Rac1 Qf6 22. cxd5 exd5 23. b4 Re7 24. e3 a6 25. a4 Bd7 26. Rc5 Qd6 27. Bf1 Rb8 28. b5 axb5 29. axb5 h5 30. h4 Rbe8 31. Rc3 Qf6 32. bxc6 bxc6 33. Kh2 Re4 34. Bg2 Rg4 35. f4 Rg6 36. Qf2 Qf5 37. Ra1 Rh6 38. Qf1 Rf6 39. Ra7 Rg6 40. Ra6 Qg4 41. Qf3 Qf5 1/2-1/2

[Event "Western Asian Girls Chess-ch 2023"]
[Site "Colombo"]
[Date "2023.11.30"]
[Round "1.3"]
[White "Alwis, H Sandithi Kusalya"]
[Black "Rindhiya V"]
[Result "0-1"]
[ECO "C90"]
[WhiteElo "1364"]
[BlackElo "1876"]
[Annotator "NA RC"]
[PlyCount "132"]
[EventDate "2023.11.30"]
[EventCountry "SRI"]
[SourceTitle "playchess.com"]
[Source "ChessBase"]
[SourceQuality "1"]
[TimeControl "5400+30"]

1. e4 e5 2. Nf3 Nc6 3. Bb5 a6 4. Ba4 Nf6 5. O-O Be7 6. Re1 b5 7. Bb3 d6 8. c3 O-O 9. d3 Na5 10. Bc2 c5 11. d4 Qc7 12. d5 Bd7 13. h3 c4 14. Nh2 Nb7 15. f4 exf4 16. Bxf4 Rfe8 17. Qf3 Nc5 18. Nd2 a5 19. Nhf1 g6 20. Ng3 Qb6 21. Kh1 Bc8 22. Rf1 Bb7 23. Nf5 gxf5 24. Bh6 Kh8 25. Qxf5 Ncd7 26. g4 Ne5 27. Bg5 Ng8 28. Bxe7 Rxe7 29. Nf3 Nxf3 30. Rxf3 f6 31. Raf1 Rae8 32. Qf4 Re5 33. Qg3 Qc7 34. Qh4 Qg7 35. Qf2 Rf8 36. Qb6 Qd7 37. Qe3 Bxd5 38. Qd4 Bc6 39. Kh2 Rfe8 40. Rf4 Qe7 41. R1f2 Bxe4 42. Bxe4 Rxe4 43. Rxe4 Qxe4 44. Qxd6 Qe5+ 45. Qxe5 fxe5 46. Rf7 e4 47. Kg2 e3 48. Kf1 Re5 49. Ke2 Ne7 50. Rf8+ Kg7 51. Rf1 Nd5 52. Rf3 b4 53. cxb4 axb4 54. Rf1 c3 55. bxc3 Nxc3+ 56. Kd3 e2 57. Re1 Rd5+ 58. Ke3 Rd1 59. Kf2 Kf6 60. h4 Rxe1 61. Kxe1 Ke5 62. g5 Ke4 63. h5 Ke3 64. g6 Nxa2 65. g7 Nc1 66. g8=Q Nd3# 0-1

[Event "Western Asian Girls Chess-ch 2023"]
[Site "Colombo"]
[Date "2023.11.30"]
[Round "1.4"]
[White "Ahmed, Walijah"]
[Black "Ramanayake, Nemindi Linaya"]
[Result "1-0"]
[ECO "B12"]
[WhiteElo "1858"]
[BlackElo "1361"]
[Annotator "NA RC"]
[PlyCount "125"]
[EventDate "2023.11.30"]
[EventCountry "SRI"]
[SourceTitle "playchess.com"]
[Source "ChessBase"]
[SourceQuality "1"]
[TimeControl "5400+30"]

1. e4 c6 2. d4 d5 3. e5 c5 4. c3 Nc6 5. Be2 cxd4 6. cxd4 Bf5 7. Nf3 e6 8. O-O Nge7 9. Nbd2 Bg4 10. h3 Bxf3 11. Nxf3 Nf5 12. Be3 Qb6 13. Bd3 Nxe3 14. fxe3 Be7 15. Qe2 f6 16. exf6 gxf6 17. Rac1 a6 18. a3 O-O-O 19. b4 Kb8 20. b5 axb5 21. Bxb5 Na5 22. Rb1 Qd6 23. Rb2 Ka7 24. Rfb1 Rb8 25. Bd3 h5 26. Rb5 b6 27. Qe1 Nc4 28. a4 Bd8 29. Bxc4 dxc4 30. Qc3 Qc6 31. d5 exd5 32. Nd4 Qd6 33. a5 Bc7 34. Kf1 Rhc8 35. axb6+ Bxb6 36. Qa1+ Kb7 37. Qa5 Kc7 38. Rxb6 Qxb6 39. Rxb6 Rxb6 40. Qxd5 Kb8 41. Nc2 c3 42. Qxh5 Rb1+ 43. Ke2 Rd8 44. Kf3 Rd2 45. Nd4 Rbb2 46. Qe8+ Ka7 47. Nb5+ Kb7 48. Nxc3 Rxg2 49. Ne4 Rh2 50. Qd7+ Ka6 51. Qc6+ Ka7 52. Qd7+ Ka6 53. Kg4 Rhg2+ 54. Ng3 Rb4+ 55. Kf3 Rbb2 56. h4 Rbf2+ 57. Ke4 Ka5 58. Qc7+ Ka4 59. h5 Rc2 60. Qd6 Rcd2 61. Qc6+ Ka3 62. Qxf6 Kb3 63. Qe5 1-0

[Event "Western Asian Girls Chess-ch 2023"]
[Site "Colombo"]
[Date "2023.11.30"]
[Round "1.5"]
[White "Gunasekara, K P K Hesara"]
[Black "Agajanova, Meryem"]
[Result "1/2-1/2"]
[ECO "C18"]
[WhiteElo "1352"]
[BlackElo "1854"]
[Annotator "NA RC"]
[PlyCount "218"]
[EventDate "2023.11.30"]
[EventCountry "SRI"]
[SourceTitle "playchess.com"]
[Source "ChessBase"]
[SourceQuality "1"]
[TimeControl "5400+30"]

1. e4 e6 2. d4 d5 3. Nc3 Bb4 4. e5 c5 5. a3 Bxc3+ 6. bxc3 Ne7 7. Qg4 Qc7 8. Qxg7 Rg8 9. Qxh7 cxd4 10. Ne2 dxc3 11. h4 Nbc6 12. f4 Bd7 {[%emt 0:00:00] The main line 12...Bd7 scores better than 12...d4.} 13. h5 O-O-O 14. Qd3 d4 15. Rb1 Nf5 16. Rg1 Nh6 17. Nxd4 Be8 18. Nb5 {[%emt 0:01:02] [#]} Qb6 $146 ({Predecessor:} 18... Rxd3 19. Nxc7 Rdg3 20. Nb5 Nf5 21. Bd3 Ncd4 22. Bxf5 Nf3+ 23. Kf2 Bxb5 24. Rxb5 Nxg1 {1-0 Donoso Diaz,S (2111)-Fuentes Parra,V (2083) CHI-ch U20 Maipu 2017 (3.3)}) 19. Be3 Rxd3 20. Bxb6 Rd2 21. Be3 Rxc2 22. Nd6+ Kd8 23. Rxb7 Ng4 24. Bc5 Rc1+ 25. Ke2 Nh2 26. Be3 Ra1 27. Rb3 Nxf1 28. Rxf1 Ra2+ 29. Kd3 Rgxg2 30. Rxc3 Ne7 31. Rfc1 Bc6 32. Nxf7+ Kd7 33. Nd6 Rh2 34. h6 Nd5 35. Rxc6 Rxa3+ 36. R6c3 Nxc3 37. Rxc3 Rxc3+ 38. Kxc3 Rxh6 39. Bxa7 Rh1 40. Kd3 Kc6 41. Ke4 Re1+ 42. Be3 Rf1 43. f5 exf5+ 44. Nxf5 Kd7 45. Nd4 Re1 46. Kf4 Ra1 47. Kf5 Ra5 48. Bf4 Ke8 49. Kf6 Ra4 50. Be3 Ra3 51. Bg5 Rd3 52. Nf5 Rf3 53. e6 Rf1 54. e7 Kd7 55. Kg6 Re1 56. Kf7 Re5 57. Bf6 Re6 58. Ng7 Re4 59. e8=Q+ Rxe8 60. Nxe8 Kc6 61. Ke6 Kc5 62. Nd6 Kc6 63. Bd4 Kc7 64. Bc5 Kc6 65. Bb4 Kc7 66. Nf5 Kd8 67. Ba5+ Kc8 68. Kd6 Kb7 69. Bd8 Kc8 70. Bc7 Kb7 71. Ne7 Ka6 72. Kc6 Ka7 73. Nc8+ Ka6 74. Nd6 Ka7 75. Kb5 Ka8 76. Bb6 Kb8 77. Kc6 Ka8 78. Bc7 Ka7 79. Kb5 Ka8 80. Kc6 $2 (80. Ne8 {mates} Kb7 81. Bg3 Ka8 82. Nd6 Kb8 83. Nf5+ Kb7 84. Be5 Ka8 85. Bf6) 80... Ka7 81. Bd8 Ka6 82. Bf6 Ka7 83. Be5 Ka8 84. Ne8 Ka7 85. Kc7 Ka6 86. Bd4 Kb5 87. Nd6+ Ka6 88. Kc6 Ka5 89. Kb7 Kb4 90. Kb6 Kb3 91. Kb5 Kc2 92. Kc4 Kd2 93. Ne4+ Ke2 94. Bf2 Kf3 95. Kd4 Kf4 96. Nd2 Kg4 97. Ke4 Kh3 98. Kf3 Kh2 99. Ne4 Kh3 100. Ng5+ Kh2 101. Bg3+ Kh1 102. Ne4 Kg1 103. Nf2 Kf1 104. Bh2 Ke1 105. Bg1 Kd2 106. Ne4+ Kd3 107. Be3 Kc4 108. Nd2+ Kd5 109. Kf4 Ke6 1/2-1/2

[Event "Western Asian Girls Chess-ch 2023"]
[Site "Colombo"]
[Date "2023.11.30"]
[Round "1.6"]
[White "Shohradova, Lala"]
[Black "Piyumanthi, M Sayumi Vimansa"]
[Result "1-0"]
[ECO "E11"]
[WhiteElo "1846"]
[BlackElo "1328"]
[Annotator "NA RC"]
[PlyCount "85"]
[EventDate "2023.11.30"]
[EventCountry "SRI"]
[SourceTitle "playchess.com"]
[Source "ChessBase"]
[SourceQuality "1"]
[TimeControl "5400+30"]

1. d4 Nf6 2. c4 e6 3. Nf3 Bb4+ 4. Bd2 Qe7 5. g3 Ne4 6. a3 Bxd2+ 7. Nbxd2 Nxd2 8. Qxd2 f5 9. Bg2 d6 10. O-O O-O 11. Rac1 Nd7 12. b4 Nf6 13. Qc2 e5 14. dxe5 dxe5 15. Rfd1 e4 16. Nd4 c5 17. bxc5 Qxc5 18. Qb2 a6 19. e3 Rb8 20. Bf1 Ng4 21. Nb3 Qe7 22. Be2 Ne5 23. Rd5 Nc6 24. Rcd1 g5 25. c5 Qg7 26. Qxg7+ Kxg7 27. Rd6 Rf6 28. Rxf6 Kxf6 29. Rd6+ Be6 30. Bc4 Re8 31. Bxa6 bxa6 32. Rxc6 Ke5 33. Nd4 Bc4 34. Rd6 Rc8 35. f4+ exf3 36. Nxf3+ Ke4 37. Nd2+ Kxe3 38. Nxc4+ Kf3 39. c6 Re8 40. Rd3+ Kg4 41. c7 Rc8 42. Rc3 Kh3 43. Nd6 1-0

[Event "Western Asian Girls Chess-ch 2023"]
[Site "Colombo"]
[Date "2023.11.30"]
[Round "1.7"]
[White "Narthavi, S."]
[Black "Bhagyashree Patil"]
[Result "1/2-1/2"]
[ECO "D55"]
[WhiteElo "1306"]
[BlackElo "1830"]
[Annotator "NA RC"]
[PlyCount "72"]
[EventDate "2023.11.30"]
[EventCountry "SRI"]
[SourceTitle "playchess.com"]
[Source "ChessBase"]
[SourceQuality "1"]
[TimeControl "5400+30"]

1. d4 d5 2. c4 e6 3. Nc3 Nf6 4. Bg5 Be7 5. e3 b6 6. cxd5 Nxd5 7. Bxe7 Nxe7 8. Be2 O-O 9. Nf3 Bb7 10. Rc1 Nd7 11. O-O c6 12. Ne4 Qc7 13. Nc3 Rfd8 14. Nd2 Rac8 15. a4 Qb8 16. Bf3 e5 17. Re1 exd4 18. exd4 Nf5 19. d5 cxd5 20. Nxd5 Nc5 21. Nb3 Nxa4 22. Rxc8 Qxc8 23. Nd4 Bxd5 24. Nxf5 Qxf5 25. Qxa4 Be6 26. Qxa7 Qc5 27. Qa3 g6 28. Qxc5 bxc5 29. Rc1 c4 30. Rd1 Rb8 31. Rd2 Kf8 32. Kf1 Ke7 33. Ke2 Bf5 34. Ke3 Rc8 35. Kd4 Be6 36. Kc3 Rb8 1/2-1/2

[Event "Western Asian Girls Chess-ch 2023"]
[Site "Colombo"]
[Date "2023.11.30"]
[Round "1.8"]
[White "Sachi Jain"]
[Black "Perera, B Yenuthi Sahanlee"]
[Result "1-0"]
[ECO "B07"]
[WhiteElo "1743"]
[BlackElo "1296"]
[Annotator "NA RC"]
[PlyCount "45"]
[EventDate "2023.11.30"]
[EventCountry "SRI"]
[SourceTitle "playchess.com"]
[Source "ChessBase"]
[SourceQuality "1"]
[TimeControl "5400+30"]

1. e4 d6 2. d4 Nf6 3. Bd3 g6 4. f4 Bg7 5. Nf3 c6 6. O-O O-O 7. Qe1 Qb6 8. Na3 Nbd7 9. c3 Re8 10. e5 dxe5 11. fxe5 Nd5 12. Nc4 Qc7 13. Ng5 Rf8 14. e6 N7f6 15. exf7+ Kh8 16. Qh4 Nh5 17. Nxh7 Bf6 18. Nxf6 Ndxf6 19. Bxg6 Bg4 20. Bxh5 Bxh5 21. Rxf6 exf6 22. Qxf6+ Kh7 23. Qh6# 1-0

[Event "Western Asian Girls Chess-ch 2023"]
[Site "Colombo"]
[Date "2023.11.30"]
[Round "2.1"]
[White "Sultanbek, Zeinep"]
[Black "Sanudula, K M Dahamdi"]
[Result "1/2-1/2"]
[ECO "E05"]
[WhiteElo "2008"]
[BlackElo "1709"]
[Annotator "NA RC"]
[PlyCount "86"]
[EventDate "2023.11.30"]
[EventCountry "SRI"]
[SourceTitle "playchess.com"]
[Source "ChessBase"]
[SourceQuality "1"]
[TimeControl "5400+30"]

1. Nf3 Nf6 2. g3 e6 3. Bg2 d5 4. O-O Be7 5. d4 O-O 6. c4 dxc4 7. Qc2 a6 8. a4 c6 9. Qxc4 b5 10. Qc2 Bb7 11. Rd1 a5 12. Ne5 Qb6 13. Nc3 Na6 14. e4 Nb4 15. Qe2 Ba6 16. Be3 Qb7 17. axb5 Bxb5 18. Nxb5 Qxb5 19. Qxb5 cxb5 20. d5 exd5 21. exd5 Bd6 22. Nc6 a4 23. Nxb4 Bxb4 24. d6 Rad8 25. Bc6 Bxd6 26. Bxb5 Be5 27. Bc5 Rxd1+ 28. Rxd1 Rb8 29. Ba7 Ra8 30. Bc6 Rc8 31. Bb7 Re8 32. Rd2 h6 33. Bc6 Rc8 34. Bxa4 Ra8 35. Bc2 Bxb2 36. Be3 Bc1 37. Rd3 Bxe3 38. Rxe3 g6 39. Re7 Re8 40. Rb7 Rd8 41. Ba4 Rd4 42. Ra7 Rd2 43. Bb3 Rd7 1/2-1/2

[Event "Western Asian Girls Chess-ch 2023"]
[Site "Colombo"]
[Date "2023.11.30"]
[Round "2.2"]
[White "Rindhiya V"]
[Black "Pallie, Ehsha Mishela"]
[Result "1-0"]
[ECO "B90"]
[WhiteElo "1876"]
[BlackElo "1569"]
[Annotator "NA COMBH"]
[PlyCount "95"]
[EventDate "2023.11.30"]
[EventCountry "SRI"]
[SourceTitle "playchess.com"]
[Source "ChessBase"]
[SourceQuality "1"]
[TimeControl "5400+30"]

1. e4 c5 2. Nf3 d6 3. d4 cxd4 4. Nxd4 Nf6 5. Nc3 a6 6. Be3 e5 7. Nb3 Be6 8. f3 h5 9. Nd5 Bxd5 10. exd5 Nbd7 11. Qd2 g6 12. Be2 Rc8 13. c4 Bg7 14. O-O Nh7 15. Na5 Qc7 16. Rac1 O-O 17. b4 b6 18. Nc6 Nb8 19. Nxb8 Rxb8 20. c5 dxc5 21. bxc5 b5 22. f4 e4 23. f5 Be5 24. Bf4 Bxf4 25. Rxf4 Qe5 26. fxg6 fxg6 27. Rxf8+ Rxf8 28. d6 Ng5 29. c6 e3 30. Qd3 Kh7 31. Bxh5 Nh3+ 32. gxh3 Qxh5 33. Qxe3 Rf3 34. Qe7+ Kh6 35. c7 Rf5 36. c8=Q Rg5+ 37. Qxg5+ Qxg5+ 38. Kf2 Qf4+ 39. Ke2 Qe4+ 40. Kd2 Qg2+ 41. Kc3 b4+ 42. Kb3 Qd5+ 43. Qc4 Qf3+ 44. Kb2 Qa3+ 45. Kb1 b3 46. Qh4+ Kg7 47. Rc7+ Kg8 48. Qd8# 1-0

[Event "Western Asian Girls Chess-ch 2023"]
[Site "Colombo"]
[Date "2023.11.30"]
[Round "2.3"]
[White "Gamage, Desandhi Dhihansa"]
[Black "Ahmed, Walijah"]
[Result "1-0"]
[ECO "B30"]
[WhiteElo "1608"]
[BlackElo "1858"]
[Annotator "NA COMBH"]
[PlyCount "103"]
[EventDate "2023.11.30"]
[EventCountry "SRI"]
[SourceTitle "playchess.com"]
[Source "ChessBase"]
[SourceQuality "1"]
[TimeControl "5400+30"]

1. e4 c5 2. Nc3 e6 3. Nf3 Nc6 4. Bb5 a6 5. Bxc6 bxc6 6. d3 d6 7. O-O Be7 8. Ne1 Nf6 9. f4 Qc7 10. Kh1 O-O 11. g4 d5 12. g5 Nd7 13. Qh5 f5 14. e5 g6 15. Qe2 Nb6 16. Nf3 Bb7 17. h4 Kf7 18. b3 Rfd8 19. a4 a5 20. Nd1 d4 21. h5 Nd5 22. Kg2 Rh8 23. Rh1 Qd7 24. Nb2 Nc3 25. Qe1 Ba6 26. Bd2 Nd5 27. Rh3 Kg7 28. Qf2 Rab8 29. Rah1 Rbg8 30. hxg6 Kxg6 31. Rh6+ Kg7 32. Qh4 Kf8 33. Rxh7 Rxh7 34. Qxh7 Rg7 35. g6 Bd8 36. Qh8+ Rg8 37. Qh6+ Qg7 38. Qxg7+ Rxg7 39. Rh6 Kg8 40. Kg3 Kf8 41. Nc4 Nc3 42. Bxc3 dxc3 43. Nd6 Bxd3 44. cxd3 Rxg6+ 45. Rxg6 c2 46. Rxe6 Be7 47. Nxf5 Bd8 48. Nd6 Bb6 49. Re8+ Kg7 50. f5 c1=Q 51. f6+ Kh7 52. f7 1-0

[Event "Western Asian Girls Chess-ch 2023"]
[Site "Colombo"]
[Date "2023.11.30"]
[Round "2.4"]
[White "Tharushi, T H D Niklesha"]
[Black "Shohradova, Lala"]
[Result "0-1"]
[ECO "B14"]
[WhiteElo "1552"]
[BlackElo "1846"]
[Annotator "NA RC"]
[PlyCount "64"]
[EventDate "2023.11.30"]
[EventCountry "SRI"]
[SourceTitle "playchess.com"]
[Source "ChessBase"]
[SourceQuality "1"]
[TimeControl "5400+30"]

1. d4 Nf6 2. c4 e6 3. Nc3 Bb4 4. Qc2 c5 5. e3 cxd4 6. exd4 d5 7. Nf3 O-O 8. Bg5 Nc6 9. a3 Be7 10. Rd1 h6 11. Bxf6 Bxf6 12. cxd5 exd5 13. Be2 Be6 14. b4 Rc8 15. Qb3 Re8 16. O-O Bg4 17. Rd3 Bxf3 18. Bxf3 Nxd4 19. Qxd5 Rxc3 20. Rxc3 Qxd5 21. Bxd5 Ne2+ 22. Kh1 Nxc3 23. Bxb7 Re2 24. g3 Ra2 25. Re1 Rxf2 26. Ba6 g6 27. Bc4 Kf8 28. Re3 Nd1 29. Re1 Rd2 30. Rf1 Nf2+ 31. Kg2 Ng4+ 32. Kh3 h5 0-1

[Event "Western Asian Girls Chess-ch 2023"]
[Site "Colombo"]
[Date "2023.11.30"]
[Round "2.5"]
[White "Sagar Siya"]
[Black "Sachi Jain"]
[Result "0-1"]
[ECO "C68"]
[WhiteElo "1537"]
[BlackElo "1743"]
[Annotator "NA RC"]
[PlyCount "58"]
[EventDate "2023.11.30"]
[EventCountry "SRI"]
[SourceTitle "playchess.com"]
[Source "ChessBase"]
[SourceQuality "1"]
[TimeControl "5400+30"]

1. e4 e5 2. Nf3 Nc6 3. Bb5 a6 4. Bxc6 dxc6 5. Nc3 Bc5 6. Nxe5 Bxf2+ 7. Kxf2 Qd4+ 8. Ke1 Qxe5 9. d4 Qe7 10. Qe2 h6 11. Rf1 Nf6 12. Bf4 Bg4 13. Qe3 O-O-O 14. Kf2 Bf5 15. Kg1 Bxe4 16. Rae1 Rhe8 17. Be5 Bg6 18. Qg3 Qd7 19. Na4 Nh5 20. Qb3 b6 21. Qa3 Kb7 22. Re3 Bxc2 23. Rb3 Bxb3 24. Qxb3 Ka7 25. Rxf7 Re7 26. Bxc7 Qxd4+ 27. Kf1 Rxf7+ 28. Qxf7 Qd1+ 29. Kf2 Rd2+ 0-1

[Event "Western Asian Girls Chess-ch 2023"]
[Site "Colombo"]
[Date "2023.11.30"]
[Round "2.6"]
[White "Gunawardhana, Devindya Oshini"]
[Black "Ekaratne, Chenaya"]
[Result "1-0"]
[ECO "B72"]
[WhiteElo "1741"]
[BlackElo "1217"]
[Annotator "NA RC"]
[PlyCount "87"]
[EventDate "2023.11.30"]
[EventCountry "SRI"]
[SourceTitle "playchess.com"]
[Source "ChessBase"]
[SourceQuality "1"]
[TimeControl "5400+30"]

1. e4 c5 2. Nf3 d6 3. d4 cxd4 4. Nxd4 Nf6 5. Nc3 g6 6. Be3 Nc6 7. f3 h5 8. Qd2 Nxd4 9. Bxd4 Bh6 10. Be3 Bxe3 11. Qxe3 Be6 12. O-O-O Qa5 13. Kb1 Rc8 14. a3 Kf8 15. Qd4 Qc5 16. Qxc5 Rxc5 17. Bd3 Kg7 18. Ne2 Bc4 19. Nf4 Rd8 20. g3 e5 21. Bxc4 exf4 22. Bb3 fxg3 23. hxg3 Kf8 24. Rd3 Ke7 25. Re1 Nd7 26. f4 f6 27. Rh1 Nb6 28. Ba2 Rdc8 29. c3 Na4 30. Kc2 b5 31. g4 a5 32. f5 b4 33. Bb3 Nb6 34. fxg6 Rg5 35. Rxh5 Rxg6 36. Rh7+ Kf8 37. Rxd6 a4 38. Be6 b3+ 39. Kc1 Rb8 40. Rh8+ Ke7 41. Rxb8 Kxd6 42. Rxb6+ Ke5 43. Bd7 Rh6 44. Rb5+ 1-0

[Event "Western Asian Girls Chess-ch 2023"]
[Site "Colombo"]
[Date "2023.12.01"]
[Round "3.1"]
[White "Sachi Jain"]
[Black "Rindhiya V"]
[Result "0-1"]
[ECO "C54"]
[WhiteElo "1743"]
[BlackElo "1876"]
[Annotator "NA RC"]
[PlyCount "112"]
[EventDate "2023.11.30"]
[EventCountry "SRI"]
[SourceTitle "playchess.com"]
[Source "ChessBase"]
[SourceQuality "1"]
[TimeControl "5400+30"]

1. e4 e5 2. Nf3 Nc6 3. Bc4 Bc5 4. c3 Nf6 5. d3 d6 6. Nbd2 a6 7. Nf1 h6 8. Ng3 O-O 9. O-O Na5 10. b4 Nxc4 11. bxc5 Na5 12. cxd6 cxd6 13. Qe2 Be6 14. Nh4 d5 15. Re1 dxe4 16. dxe4 Rc8 17. Ba3 Re8 18. Red1 Qb6 19. Rab1 Qc6 20. Bb4 Nc4 21. Nhf5 Bxf5 22. Nxf5 Qxe4 23. Qxe4 Nxe4 24. Rd7 Rb8 25. Re1 Nf6 26. Rc7 b5 27. Ne7+ Kh7 28. Nc6 Rbc8 29. Rxc8 Rxc8 30. Nxe5 Re8 31. f4 Nd5 32. Rd1 Nxf4 33. Nxc4 bxc4 34. Rd6 Re6 35. Rd7 Kg6 36. Rc7 Nd3 37. h3 Ne5 38. Rc5 Kf5 39. Ba5 f6 40. Bc7 Rc6 41. Rxc6 Nxc6 42. Kf2 Ke4 43. Ke2 Ne7 44. Bd6 Nd5 45. Kd2 g5 46. g3 f5 47. Bf8 h5 48. Bh6 g4 49. hxg4 hxg4 50. Bg7 Kf3 51. Be5 f4 52. gxf4 Nxf4 53. Kc2 g3 54. Bd4 g2 55. Kb2 Nd3+ 56. Ka3 Nf2 0-1

[Event "Western Asian Girls Chess-ch 2023"]
[Site "Colombo"]
[Date "2023.12.01"]
[Round "3.2"]
[White "Shohradova, Lala"]
[Black "Gunawardhana, Devindya Oshini"]
[Result "0-1"]
[ECO "E11"]
[WhiteElo "1846"]
[BlackElo "1741"]
[Annotator "NA RC"]
[PlyCount "94"]
[EventDate "2023.11.30"]
[EventCountry "SRI"]
[SourceTitle "playchess.com"]
[Source "ChessBase"]
[SourceQuality "1"]
[TimeControl "5400+30"]

1. d4 Nf6 2. c4 e6 3. Nf3 Nc6 4. g3 Bb4+ 5. Bd2 Qe7 6. Bg2 O-O 7. O-O Bxd2 8. Nbxd2 d6 9. e4 a5 10. Re1 e5 11. d5 Nb8 12. b3 Na6 13. a3 Bd7 14. Qc2 Rfc8 15. Red1 b5 16. Ne1 h5 17. Nd3 c6 18. Qb2 cxd5 19. cxd5 h4 20. Nf1 hxg3 21. hxg3 g6 22. Rdc1 Re8 23. Qd2 Kg7 24. f3 Qd8 25. Ne3 Rh8 26. a4 bxa4 27. bxa4 Rb8 28. Nc4 Nb4 29. Nf2 Ne8 30. Nd1 Bc8 31. Nc3 Ba6 32. Bf1 Qd7 33. Nb5 Qd8 34. Qf2 Rb7 35. Nca3 Qg5 36. Rc3 f5 37. Nc4 Bxb5 38. axb5 fxe4 39. fxe4 Nf6 40. Bg2 Ng4 41. Qd2 Qh5 42. Rf3 Nh2 43. Rf2 Ng4 44. Nxd6 Nxf2 45. Nxb7 Qh2+ 46. Kf1 Nxe4 47. Qe3 Rf8+ 0-1

[Event "Western Asian Girls Chess-ch 2023"]
[Site "Colombo"]
[Date "2023.12.01"]
[Round "3.3"]
[White "Sultanbek, Zeinep"]
[Black "Gamage, Desandhi Dhihansa"]
[Result "1-0"]
[ECO "D02"]
[WhiteElo "2008"]
[BlackElo "1608"]
[Annotator "NA RC"]
[PlyCount "141"]
[EventDate "2023.11.30"]
[EventCountry "SRI"]
[SourceTitle "playchess.com"]
[Source "ChessBase"]
[SourceQuality "1"]
[TimeControl "5400+30"]

1. Nf3 Nf6 2. g3 e6 3. Bg2 d5 4. O-O c5 5. d4 cxd4 6. Nxd4 e5 7. Nb3 Be6 8. Bg5 Nbd7 9. Qd3 h6 10. Bxf6 Nxf6 11. Rd1 Rc8 12. N1d2 Be7 13. c3 a6 14. e4 Bg4 15. Re1 dxe4 16. Qxd8+ Kxd8 17. Nxe4 Rc7 18. h3 Be6 19. Rad1+ Kc8 20. Nd6+ Kb8 21. Nxb7 Rxb7 22. Bxb7 Kxb7 23. Rxe5 Kb6 24. c4 Rd8 25. c5+ Kc7 26. Nd4 Kc8 27. Ree1 Bf8 28. Nxe6 Rxd1 29. Rxd1 fxe6 30. Re1 Kd7 31. c6+ Kxc6 32. Rxe6+ Bd6 33. Kg2 Kd5 34. Re2 a5 35. f4 Kc4 36. Kf3 Nd5 37. Rc2+ Kd3 38. Rc1 Be7 39. Rd1+ Kc4 40. Ke4 Nb4 41. Rc1+ Kb5 42. a3 Na6 43. b4 axb4 44. axb4 Nxb4 45. Kf5 Bf6 46. g4 Nd5 47. g5 hxg5 48. fxg5 Ne7+ 49. Kg4 Be5 50. Kh5 Nd5 51. Kg6 Nf4+ 52. Kf5 Nxh3 53. Kxe5 Nxg5 54. Kd5 Nf3 55. Rb1+ Ka4 56. Rb2 g5 57. Rf2 g4 58. Rg2 g3 59. Kc5 Ne1 60. Re2 Nf3 61. Re4+ Kb3 62. Re3+ Kc2 63. Rxf3 g2 64. Rf2+ Kd1 65. Rxg2 Ke1 66. Kd4 Kf1 67. Rd2 Ke1 68. Ke3 Kf1 69. Kf3 Ke1 70. Rd3 Kf1 71. Rd1# 1-0

[Event "Western Asian Girls Chess-ch 2023"]
[Site "Colombo"]
[Date "2023.12.01"]
[Round "3.4"]
[White "Sanudula, K M Dahamdi"]
[Black "Agajanova, Meryem"]
[Result "0-1"]
[ECO "D02"]
[WhiteElo "1709"]
[BlackElo "1854"]
[Annotator "NA RC"]
[PlyCount "110"]
[EventDate "2023.11.30"]
[EventCountry "SRI"]
[SourceTitle "playchess.com"]
[Source "ChessBase"]
[SourceQuality "1"]
[TimeControl "5400+30"]

1. d4 d5 2. Nf3 Nf6 3. c3 c5 4. Ne5 Nc6 5. Nxc6 bxc6 6. dxc5 e5 7. b4 a5 8. a3 Be7 9. Bb2 O-O 10. Nd2 Bf5 11. e3 Qb8 12. Qc1 d4 13. cxd4 exd4 14. Bxd4 axb4 15. Bc4 Rd8 16. O-O Ng4 17. g3 Bf6 18. Nf3 bxa3 19. h3 Ne5 20. Bxe5 Bxe5 21. Nxe5 Qxe5 22. Rxa3 Rxa3 23. Qxa3 Bxh3 24. Qa5 Qf6 25. Re1 g6 26. Bf1 Bxf1 27. Rxf1 Rb8 28. Rc1 Rb2 29. Qe1 Qf5 30. e4 Qf3 31. Rc3 Re2 32. Rxf3 Rxe1+ 33. Kg2 Rxe4 34. Rc3 Kg7 35. f4 Rd4 36. Kf3 Rd5 37. Ke4 f5+ 38. Ke3 Kf6 39. Rc4 h6 40. Rc1 g5 41. fxg5+ hxg5 42. Rc3 Ke5 43. Rc4 Rd1 44. Rc2 Rd4 45. Rc3 f4+ 46. Kf3 fxg3 47. Kxg3 Kd5 48. Rc2 g4 49. Rc1 Rc4 50. Rd1+ Kxc5 51. Rd8 Rd4 52. Rc8 Kb5 53. Rb8+ Kc4 54. Rc8 c5 55. Rb8 Kd3 0-1

[Event "Western Asian Girls Chess-ch 2023"]
[Site "Colombo"]
[Date "2023.12.01"]
[Round "3.5"]
[White "Newansa, M Esandi"]
[Black "Bhagyashree Patil"]
[Result "1/2-1/2"]
[ECO "D00"]
[WhiteElo "1531"]
[BlackElo "1830"]
[Annotator "NA RC"]
[PlyCount "135"]
[EventDate "2023.11.30"]
[EventCountry "SRI"]
[SourceTitle "playchess.com"]
[Source "ChessBase"]
[SourceQuality "1"]
[TimeControl "5400+30"]

1. d4 d5 2. Bf4 Nf6 3. e3 e6 4. Nd2 c5 5. c3 Bd6 6. Ngf3 Qc7 7. Bxd6 Qxd6 8. Ne5 Nc6 9. f4 Nd7 10. Bd3 b6 11. O-O g6 12. Bb5 Bb7 13. Qa4 Rc8 14. Nxd7 Qxd7 15. dxc5 bxc5 16. Nb3 a6 17. Bxa6 Bxa6 18. Qxa6 Ne7 19. Qe2 O-O 20. Rfd1 Qc7 21. c4 dxc4 22. Nd2 c3 23. bxc3 Nd5 24. Rac1 Qa7 25. Nc4 Qa6 26. Rd2 Rb8 27. g3 Rbd8 28. Rb2 Rd7 29. e4 Nf6 30. Rb6 Qa8 31. e5 Nd5 32. Rb2 Rb8 33. Rxb8+ Qxb8 34. Nd6 Ra7 35. Ne4 c4 36. Qf2 Rb7 37. Nf6+ Nxf6 38. exf6 Rb2 39. Rc2 Rb1+ 40. Kg2 Qa8+ 41. Kh3 Rb5 42. g4 h5 43. Rd2 hxg4+ 44. Kxg4 Qe4 45. Qd4 Qf5+ 46. Kg3 Rd5 47. Qe3 Rxd2 48. Qxd2 Qxf6 49. a4 e5 50. fxe5 Qxe5+ 51. Kg2 Qa5 52. Qc2 Qa8+ 53. Kf2 Qb7 54. Ke3 f5 55. Kd4 Qc7 56. h3 Kh7 57. Qb2 Qd7+ 58. Kxc4 Qxa4+ 59. Qb4 Qa6+ 60. Kd4 Qf6+ 61. Ke3 Qe5+ 62. Kf3 Qd5+ 63. Ke3 Qe6+ 64. Kf3 $11 Qe1 65. Qd4 Qh1+ 66. Kg3 Qe1+ 67. Kf3 Qh1+ 68. Kg3 1/2-1/2